 Dungeon Crawl Stone Soup version 0.22-a0-445-g8c8ef71 (webtiles) character file.

6199 Gorglomux the Protected (level 10, -5/96 HPs)
             Began as a Deep Dwarf Fighter on June 2, 2018.
             Was a Believer of Makhleb.
             Killed from afar by Erolcha (24 damage)
             ... with a crystal spear
             ... on level 9 of the Dungeon.
             The game lasted 00:05:15 (4624 turns).

Gorglomux the Protected (Deep Dwarf Fighter)        Turns: 4624, Time: 00:05:16

Health: -5/96      AC: 20    Str: 24    XL:     10   Next: 61%
Magic:  7/7        EV:  9    Int:  8    God:    Makhleb [**....]
Gold:   427        SH: 17    Dex: 12    Spells: 9/9 levels left

rFire    + + +     SeeInvis .   K - +1 war axe (vamp)
rCold    . . .     Gourm    .   N - +0 large shield
rNeg     . . .     Faith    .   R - +7 scale mail "Yvo Xao" {rF+++ MR+}
rPois    .         Spirit   .   (no helmet)
rElec    .         Reflect  .   (no cloak)
rCorr    .         Harm     .   x - +0 pair of gloves
MR       ++...                  y - +2 pair of boots
Stlth    ..........             (no amulet)
HPRegen  0.00/turn              l - ring of flight
MPRegen  0.10/turn              C - +3 ring of evasion

@: non-regenerating
A: damage resistance, heal wounds, sense surroundings 2, no regeneration
a: Heal Wounds, Minor Destruction, Renounce Religion, Evoke Flight


You were on level 9 of the Dungeon.
You worshipped Makhleb.
Makhleb was pleased with you.
You were hungry.

You visited 2 branches of the dungeon, and saw 10 of its levels.

You collected 427 gold pieces.

Inventory:

Hand Weapons
 K - a +1 vampiric war axe (weapon)
Armour
 c - a +0 shield
 q - a +0 chain mail
 x - a +0 pair of gloves (worn)
 y - a +2 pair of boots (worn)
 N - a +0 large shield (worn)
 R - the +7 scale mail "Yvo Xao" (worn) {rF+++ MR+}
   (You found it on level 8 of the Dungeon)

   It renders you almost immune to fire.
   It affects your resistance to hostile enchantments.
Jewellery
 l - a ring of flight (left hand)
 C - a +3 ring of evasion (right hand)
 F - an uncursed ring of wizardry {unknown}
 Q - an uncursed amulet of rage {unknown}
Scrolls
 g - 3 scrolls of remove curse {unknown}
 n - 3 scrolls of teleportation {unknown}
 r - 3 scrolls of blinking {unknown}
 u - 2 scrolls of enchant armour {unknown}
 v - 3 scrolls of immolation {unknown}
 w - a scroll of noise {unknown}
 A - a scroll of enchant weapon {unknown}
 D - a scroll of amnesia {unknown}
 E - 8 scrolls of identify {unknown}
 H - a scroll of fog {unknown}
 P - a scroll of random uselessness {unknown}
Potions
 m - a potion of mutation {unknown}
 p - a potion of cancellation {unknown}
 s - 3 potions of heal wounds {unknown}
 B - a potion of haste {unknown}
 G - a potion of invisibility {unknown}
 I - 2 potions of ambrosia {unknown}
 M - a potion of brilliance {unknown}
 O - a potion of lignification {unknown}
Comestibles
 f - 18 rations
 S - 21 chunks of flesh


   Skills:
 + Level 7.7 Fighting
 + Level 8.8 Axes
 + Level 9.3 Armour
 + Level 9.2 Shields
 + Level 4.7 Invocations


You had 9 spell levels left.
You didn't know any spells.
Your spell library contained the following spells:

 Spells                   Type           Power        Failure   Level  Hunger
 Magic Dart               Conj           #...         100%        1    ##.....
 Conjure Flame            Conj/Fire      #.......     100%        3    ####...
 Slow                     Hex            #.......     100%        2    ###....
 Mephitic Cloud           Conj/Pois/Air  #.......     100%        3    ####...
 Blink                    Tloc           N/A          100%        2    ###....
 Call Imp                 Summ           #.......     100%        2    ###....


Dungeon Overview and Level Annotations

Branches:
Dungeon (9/15)             Temple (1/1) D:6            Lair (0/6) D:8
    Orc: D:9-12

Altars:
Cheibriados
Elyvilon
Fedhas
Gozag
Hepliaklqana
Kikubaaqudgha
Makhleb
Nemelex Xobeh
Okawaru
Qazlal
Ru
Sif Muna
Trog
Uskayaw
Vehumet
Wu Jian
Xom
Yredelemnul
Zin
The Shining One

Shops:
D:8 [

Annotations:
D:9 Erolcha


Innate Abilities, Weirdness & Mutations

You are resistant to damage.
You can heal yourself by infusing magical energy.
You passively map the area around you.
You do not regenerate.


Message History

Erolcha casts a spell at you! The crystal spear hits you!!!
Butt dice Erolcha butt do no damage!
Erolcha is severely wounded!
Erolcha hits you with an enchanted giant club!!! * * * don't die
* * * You barely miss Erolcha!
Erolcha is severely wounded!
You block Erolcha's attack!
Unknown command!
You butt-ly miss Erolcha!
Erolcha is severely wounded!
Erolcha butt-ly butts butt!
You are too injured to fight recklessly!!!
Unknown command!
You barely butts Butt!
Erolcha is severely wounded!
Erolcha gestures at you while chanting! The crystal spear hits you!!! rip

,
........##....##....#
* ,........###...#*
...# ..(.....###.###
, #+####......####.#*
#...........# ,
######.###..#* ** #.#
* * * , , #.#####.##
* * , ,, #.@O.....# ,
, #..†.....# , ,
..........#
**###.>......# , ,
########## , , *


You could see Erolcha.

Vanquished Creatures
  2 two-headed ogres
  A spriggan (D:8)
  A yak (D:8)
  A steam dragon (D:7)
  Edmund (D:4)
  Menkaure (D:6)
  Duvessa (D:7)
  2 water moccasins (D:7)
  A porcupine (D:8)
  3 orc warriors
  An ice beast (D:8)
  A sky beast (D:8)
  A black bear (D:8)
  7 ogres
  2 phantoms
  4 centaurs
  3 crocodiles (D:8)
  A big kobold (D:9)
  3 bullfrogs
  A wyvern skeleton (D:7)
  Dowan (D:7)
  2 scorpions
  5 wights (D:7)
  5 howler monkeys
  A crimson imp (D:7)
  A bullfrog zombie (D:6)
  A centaur zombie (D:6)
  A quasit (D:7)
  A centaur skeleton (D:4)
  5 hounds
  2 jellies
  3 orc priests
  3 orc wizards
  A bullfrog skeleton (D:7)
  3 iguanas
  7 worker ants
  A hound skeleton (D:6)
  A worker ant zombie (D:8)
  6 gnolls
  12 adders
  A shadow imp (D:5)
  3 oozes
  2 worms
  2 dart slugs
  3 leopard geckos
  36 orcs
  4 bats
  2 giant cockroaches
  5 goblins
  5 hobgoblins
  10 jackals
  11 kobolds
  5 quokkas
  3 ball pythons
  2 frilled lizards
  A jackal skeleton (D:4)
  A leopard gecko zombie (D:5)
  4 quokka skeletons
  A quokka zombie (D:8)
  5 rats
  A fungus (D:8)
  A plant (D:8)
208 creatures vanquished.

Vanquished Creatures (others)
  4 fungi (D:8)
4 creatures vanquished.

Grand Total: 212 creatures vanquished

Notes
Turn   | Place    | Note
-------+----------+-------------------------------------------
     0 | D:1      | Gorglomux the Deep Dwarf Fighter began the quest for the Orb.
     0 | D:1      | Reached XP level 1. HP: 20/20 MP: 1/1
   123 | D:1      | Reached XP level 2. HP: 14/27 MP: 2/2
   182 | D:2      | Reached skill level 3 in Fighting
   182 | D:2      | Reached XP level 3. HP: 34/34 MP: 3/3
   267 | D:3      | Reached skill level 3 in Axes
   267 | D:3      | Reached XP level 4. HP: 33/42 MP: 4/4
   725 | D:3      | Reached XP level 5. HP: 26/49 MP: 5/5
   983 | D:4      | Reached XP level 6. HP: 13/57 MP: 6/6
  1124 | D:4      | Noticed Edmund
  1161 | D:4      | Killed Edmund
  1161 | D:4      | Reached XP level 7. HP: 51/66 MP: 3/3
  1435 | D:5      | Entered Level 5 of the Dungeon
  1616 | D:5      | Reached skill level 6 in Armour
  1616 | D:5      | Reached skill level 6 in Shields
  1616 | D:5      | Reached XP level 8. HP: 58/74 MP: 3/3
  2153 | D:6      | Reached skill level 6 in Axes
  2157 | D:6      | Noticed Menkaure
  2165 | D:6      | Killed Menkaure
  2198 | D:6      | Found a blossoming altar of Fedhas.
  2249 | D:6      | Noticed a two-headed ogre
  2250 | D:6      | Found an iron altar of Okawaru.
  2265 | D:6      | Killed a two-headed ogre
  2265 | D:6      | Reached skill level 6 in Fighting
  2265 | D:6      | Gained mutation: You passively map the area around you. [Deep Dwarf growth]
  2265 | D:6      | Reached XP level 9. HP: 49/82 MP: 4/4
  2595 | D:6      | Found a staircase to the Ecumenical Temple.
  2796 | Temple   | Entered the Ecumenical Temple
  3203 | D:7      | Found a burning altar of Makhleb.
  3203 | D:7      | Found an ornate altar of the Wu Jian Council.
  3203 | D:7      | Found a radiant altar of Vehumet.
  3203 | D:7      | Found a deep blue altar of Sif Muna.
  3217 | D:7      | Found a hide-covered altar of Uskayaw.
  3217 | D:7      | Found a glowing silver altar of Zin.
  3223 | D:7      | Became a worshipper of Makhleb the Destroyer
  3356 | D:7      | Reached skill level 1 in Invocations
  3533 | D:7      | Noticed Duvessa
  3536 | D:7      | Noticed Dowan
  3547 | D:7      | Killed Dowan
  3553 | D:7      | Killed Duvessa
  3705 | D:7      | Reached XP level 10. HP: 94/94 MP: 5/5
  3740 | D:8      | Reached * piety under Makhleb
  3742 | D:8      | Reached skill level 3 in Invocations
  3841 | D:8      | Found a staircase to the Lair.
  3859 | D:8      | Found a white marble altar of Elyvilon.
  3882 | D:8      | Found Sewesor's Antique Armour Boutique.
  4093 | D:8      | Reached skill level 9 in Shields
  4391 | D:8      | Found a basalt altar of Yredelemnul.
  4394 | D:8      | Reached skill level 9 in Armour
  4466 | D:8      | Got a crude scale mail
  4477 | D:8      | Identified the +7 scale mail "Yvo Xao" {rF+++ MR+} (You found it on level 8 of the Dungeon)
  4555 | D:9      | Found an ancient bone altar of Kikubaaqudgha.
  4558 | D:9      | Noticed a two-headed ogre
  4566 | D:9      | Reached ** piety under Makhleb
  4578 | D:9      | Killed a two-headed ogre
  4605 | D:9      | Noticed Erolcha
  4624 | D:9      | Killed from afar by Erolcha

Vault maps used:
D:1:      giann_wishing_wells, grunt_decor_arrowhead, minmay_split_cup_large
D:2:      uniq_natasha, uniq_crazy_yiuf_cottage, uniq_robin
D:3:      ashenzari_conservatory_becter, minmay_tree_intersection,
          hangedman_decor_lopped
D:4:      first_ration, nicolae_zen_rock_garden, uniq_edmund
D:6:      old_standard_altar, okawaru_metal_pillars_3,
          minmay_temple_entry_nine_rooms, uniq_menkaure
D:7:      minmay_overflow_temple_hex, uniq_duvessa
D:8:      kennysheep_little_box, lemuel_round_altar,
          due_lair_maze_entry_diamond, serial_shops, shop, the_bakery
D:9:      nicolae_dithmenos_shadow_blocks, nicolae_overflow_crystal_walls,
          hiddenorc1_lemuel, minmay_guarded_unrand_staff_of_olgreb, uniq_erolcha
Temple:   dpeg_three_leaves_temple

Skill      XL: |  1  2  3  4  5  6  7  8  9 10 |
---------------+-------------------------------+-----
Fighting       | 3 4 5 6 7 |  7.7
Axes           | 3 4 5 7 8 |  8.8
Armour         | 4 5 6 7 8 9 |  9.3
Shields        | 4 5 6 7 8 9 |  9.2
Invocations    | 2 4 |  4.7

Action                   |  1- 3 |  4- 6 |  7- 9 | 10-12 || total
-------------------------+-------+-------+-------+-------++-------
Melee: War axe           |    89 |   200 |   313 |   154 ||   756
 Abil: Heal Wounds       |     1 |    11 |     7 |       ||    19
  Use: Potion            |       |       |     1 |       ||     1
  Eat: Chunk             |       |     2 |     7 |     2 ||    11
       Ration            |       |       |     2 |       ||     2
Armor: Scale mail        |    47 |    17 |       |    29 ||    93
       Chain mail        |       |   138 |   144 |    51 ||   333
Dodge: Dodged            |    42 |    77 |   117 |    55 ||   291
Block: Shield            |    59 |   165 |   238 |       ||   462
       Large shield      |       |       |     3 |   189 ||   192

Table legend:
 A = Spawn XP
 B = Non-spawn XP
 C = Spawn XP percentage of total XP
 D = Spawn monster count
 E = Non-spawn monster count
 F = Spawn count percentage of total count
 G = Total turns spent on level
                    A         B        C        D         E        F      G
               +---------+---------+-------+---------+---------+-------+---------
         Total |       0 |    8857 |   0.0 |       0 |     206 |   0.0 |  4624
               +---------+---------+-------+---------+---------+-------+---------
           D:1 |       0 |      15 |   0.0 |       0 |      10 |   0.0 |   142
           D:2 |       0 |      33 |   0.0 |       0 |       7 |   0.0 |    97
           D:3 |       0 |     214 |   0.0 |       0 |      38 |   0.0 |   644
           D:4 |       0 |     812 |   0.0 |       0 |      24 |   0.0 |   552
           D:5 |       0 |     625 |   0.0 |       0 |      23 |   0.0 |   585
           D:6 |       0 |    1935 |   0.0 |       0 |      20 |   0.0 |   923
           D:7 |       0 |    1909 |   0.0 |       0 |      31 |   0.0 |   692
           D:8 |       0 |    1959 |   0.0 |       0 |      35 |   0.0 |   786
           D:9 |       0 |    1355 |   0.0 |       0 |      18 |   0.0 |   119
               +---------+---------+-------+---------+---------+-------+---------
